 Dungeon Sprint DCSS version 0.30-a0-696-g2367cd04db (webtiles) character file.

Game seed: 5513550941524546129

6 petercordia the Shooter (level 2, -12/23 HPs)
             Began as a Formicid Hunter on Jan 21, 2023.
             Mangled by an iguana (13 damage)
             ... in the Dungeon (Sprint IX: "|||||||||||||||||||||||||||||").
             The game lasted 00:00:33 (36 turns).

petercordia the Shooter (Formicid Hunter)             Turns: 36, Time: 00:00:33

Health: -12/23     AC:  3    Str: 15    XL:     2   Next: 0%
Magic:  2/2        EV: 12    Int:  8    God:
Gold:   0          SH:  0    Dex: 17    Spells: 1/1 levels left

rFire   . . .      SeeInvis +    a - +0 shortbow
rCold   . . .      Faith    .    (no shield)
rNeg    . . .      Spirit   .    c - +0 leather armour
rPois   .          Reflect  .    (helmet unavailable)
rElec   .          Harm     .    (no cloak)
rCorr   .          Rampage  .    (no gloves)
Will    .....                    (no boots)
Stlth   ++                       (no amulet)
HPRegen 0.23/turn                (no ring)
MPRegen 0.08/turn                (no ring)

@: no status effects
A: permanent stasis, dig shafts and tunnels, antennae 3, four strong arms
a: Dig


You were in the Dungeon.
You visited 1 branch

Inventory:

Hand Weapons
 a - a +0 shortbow (weapon)
Armour
 c - a +0 leather armour (worn)
Scrolls
 b - a scroll of immolation
 i - a scroll of blinking
Potions
 f - a potion of haste
 g - 2 potions of magic
 h - a potion of berserk rage


   Skills:
 + Level 2.4 Fighting
 + Level 5.2 Ranged Weapons
 + Level 1.9 Dodging
 - Level 1.2 Stealth


You had one spell level left.
You didn't know any spells.
Your spell library was empty.

Dungeon Overview and Level Annotations

Branches:
Dungeon (1/1)

Altars:


Innate Abilities, Weirdness & Mutations

You cannot be hasted, slowed, berserked, paralysed or teleported.
You can dig through walls and to a lower floor.
You have a pair of large antennae on your head. (SInv)
Your four strong arms can wield two-handed weapons with a shield.


Message History

The iguana bites you.
You shoot an arrow. The arrow closely misses the iguana.
The arrow closely misses the centaur.
The arrow hits the iguana but does no damage.
The iguana bites you!
* * * LOW HITPOINT WARNING * * *
You are too injured to fight recklessly!
Non-targeted abil: Dig
Press: ? - help, Q - select action, (/) - cycle Dir - look around, f - activate Look: a centaur (severely wounded)
You extend your mandibles.
Unknown command.
Non-targeted abil: Dig
Press: ? - help, Q - select action, (/) - cycle Dir - look around, f - activate You retract your mandibles.
You feel better. The iguana bites you!
Ouch! That really hurt!
* * * LOW HITPOINT WARNING * * *
Okay, then.
Unknown command.
You feel much better. The iguana bites you!
Ouch! That really hurt!
Fire: a) +0 shortbow
Press: ? - help, Q - select action, (/) - cycle Shift-Dir - straight line, f - iguana
Aim: an iguana (heavily wounded, 66% to hit)
You shoot an arrow. The arrow hits the iguana.
The iguana is almost dead.
The iguana completely misses you.
Fire: a) +0 shortbow
Press: ? - help, Q - select action, (/) - cycle Shift-Dir - straight line, f/p - iguana
Aim: an iguana (almost dead, 66% to hit)
You shoot an arrow. The arrow closely misses the iguana.
The arrow barely misses the centaur.
The arrow hits the iguana.
The iguana is moderately wounded.
The iguana bites you!
* * * LOW HITPOINT WARNING * * *
The iguana bites you!
Ouch! That really hurt!
You die...

▓+▓
▓.▓
▓g▓
▓c▓
▓l▓
▓c▓
▓l▓
▓@▓
▓.▓
▓.▓
▓)▓
▓.▓
▓)▓
▓.▓
▓.▓
▓.▓


You could see 2 centaurs, 2 iguanas and a gnoll.

Vanquished Creatures
  A bat (D)
  An endoplasm (D)
  A goblin (D)
  A hobgoblin (D)
  A kobold (D)
5 creatures vanquished.

Notes
Turn   | Place    | Note
-------+----------+-------------------------------------------
     0 | D        | petercordia the Formicid Hunter began the quest for the
                  | Orb.
     0 | D        | Reached XP level 1. HP: 16/16 MP: 1/1
    10 | D        | Reached skill level 5 in Ranged Weapons
    15 | D        | Reached XP level 2. HP: 22/23 MP: 2/2
    22 | D        | Noticed a centaur
    22 | D        | Noticed a centaur
    36 | D        | HP: 1/23 [iguana (7)]
    36 | D        | Mangled by an iguana

Illustrated notes

Levels and vault maps discovered:
D:        linesprint [early_d, line_temple, items_1, d_10, items_2, lair_1,
          lair_end, items_3, orc_1, orc_end, items_4, d_15, swamp_1, shoals_1,
          snake_1, spider_1, d_20, vaults_1, items_5, swamp_end, shoals_end,
          snake_end, spider_end, vaults_end, d_27, items_6, zot_1, zot_end,
          crypt_end, forest_end, elf_end, slime_end, tomb_end, abyss_end,
          pan_hell_end]

Skill      XL: |  1 |
---------------+----+-----
Ranged Weapons | 5 |  5.2
Fighting       | |  2.4
Dodging        | |  1.9
Stealth        | |  1.2

Action                   || total
-------------------------++-------
 Fire: Shortbow          ||    23
 Abil: Dig               ||     2
  Use: Potion            ||     2
Armor: Leather armour    ||     1
Dodge: Dodged            ||    12

Table legend: (Time is in decaauts)
 A = Elapsed time spent in this place.
 B = Non-inter-level travel time spent in this place.
 C = Inter-level travel time spent in this place.
 D = Time resting spent in this place.
 E = Time spent auto-exploring this place.
 F = Levels seen in this place.
 G = Mean time per level.
                   A        B        C        D        E       F      G
               +--------+--------+--------+--------+--------+-----+--------+
         Total |     41 |     41 |      0 |      0 |      7 |   1 |   41.0 |
       Dungeon |     41 |     41 |      0 |      0 |      7 |   1 |   41.0 |
               +--------+--------+--------+--------+--------+-----+--------+

Top non-repeatable levels by time:
       D: 41 daAuts
